 Dungeon Crawl Stone Soup version 0.14-a0-1773-ge500af7 (webtiles) character file.

135080 Mitsuki the Severer (level 16, -4/151 HPs)
             Began as a Deep Dwarf Fighter on Jan 7, 2014.
             Was a High Priest of Makhleb.
             Slain by Polyphemus (7 damage)
             ... on Level 4 of the Shoals.
             The game lasted 04:27:55 (32635 turns).

Mitsuki the Severer (Deep Dwarf Fighter)           Turns: 32635, Time: 04:27:55

HP  -4/151       AC 26     Str 25      XL: 16   Next: 56%
MP  16/16        EV  2     Int 11      God: Makhleb [*****.]
Gold 2995        SH  0     Dex 14      Spells:  1 memorised, 14 levels left

rFire  + + .     SeeInvis .     a - +6,+3 broad axe (pain)
rCold  . . .     Clarity  .     N - +2 orc chain mail {MR+}
rNeg   + + +     Conserve .     U - +1 large shield {rC+}
rPois  +         rCorr    .     V - +0 helmet
rElec  .         rRot     +     o - +0 cloak
SustAb . .       Spirit   .     c - +0 pair of gloves
rMut   .         Warding  +     I - +0 pair of boots {Fly}
Saprov . . .     Stasis   .     Q - brooch of Shielding {Ward AC+4 EV+4}
                                y - ring of protection from magic
                                A - ring of fire

@: petrified, non-regenerating, flying, extraordinarily resistant to hostile
enchantments, extremely unstealthy
A: damage resistance, recharge devices, slimy green scales 1, agile 1, fire
resistance 1, fast metabolism 1, life protection 1, sense surroundings 2, slow
healing 3, spit poison 2
a: Device Recharging, Spit Poison, Minor Destruction, Lesser Servant of Makhleb,
Major Destruction, Greater Servant of Makhleb, Renounce Religion, Stop Flying


You were on level 4 of the Shoals.
You worshipped Makhleb.
Makhleb was extremely pleased with you.
You were not hungry.

You visited 6 branches of the dungeon, and saw 36 of its levels.
You also visited: Ice Cave.

You collected 4421 gold pieces.
You spent 1426 gold pieces at shops.

Inventory:

Hand weapons
 a - a +6,+3 broad axe of pain (weapon)
 b - a +4,+0 scimitar of flaming
Armour
 c - a +0 pair of gloves (worn)
 o - a +0 cloak (worn)
 q - the +0 scale mail "Fahubac" {Dex+3 Int+4 Curse}
   (You found it on level 1 of the Shoals)

   It affects your intelligence (+4).
   It affects your dexterity (+3).
   It may recurse itself.
 I - a +0 pair of boots of flying (worn)
 N - a +2 orcish chain mail of magic resistance (worn)
 U - a +1 large shield of cold resistance (worn)
 V - a +0 helmet (worn)
Magical devices
 d - a wand of heal wounds (4)
 g - a wand of polymorph (11)
 m - a wand of digging (7)
 t - a wand of digging (7)
 z - a wand of teleportation (4)
 D - a wand of polymorph (10)
 J - a wand of flame (16)
Comestibles
 f - a bread ration
 p - 2 meat rations
 s - 4 rotting chunks of harpy flesh
 C - 5 chunks of manticore flesh
Scrolls
 e - 6 scrolls of identify
 h - a scroll of torment {unknown}
 j - 8 scrolls of remove curse
 k - 3 scrolls of fear
 n - a scroll of magic mapping
 r - a scroll of fog
 v - a scroll of enchant weapon I
 w - a scroll of enchant weapon II
 E - 6 scrolls of teleportation
 F - a scroll of recharging
Jewellery
 i - an uncursed amulet of clarity
 l - a +2 ring of strength
 u - an uncursed ring of protection from cold
 y - a ring of protection from magic (right hand)
 A - a ring of fire (left hand)
 Q - the brooch of Shielding (around neck) {Ward AC+4 EV+4}
   (You found it on level 3 of the Lair of Beasts)

   [amulet of warding]

   It affects your AC (+4).
   It affects your evasion (+4).
 T - an uncursed amulet of stasis
Potions
 x - 3 potions of curing
 B - 2 potions of agility
 G - a potion of might
 H - a potion of resistance
 K - a potion of heal wounds
 L - 3 potions of magic
 M - 3 potions of restore abilities
Magical staves
 O - an uncursed staff of earth


   Skills:
 - Level 11.5 Fighting
 - Level 17.0 Axes
 - Level 11.3 Armour
 - Level 16.6 Shields
 + Level 9.5 Hexes
 - Level 10.0 Invocations


You had 14 spell levels left.
You knew the following spells:

 Your Spells              Type           Power        Failure   Level  Hunger
a - Confusing Touch       Hex            ###.......   12%         1    ##.....


Dungeon Overview and Level Annotations

Branches:
Dungeon (16/16)            Temple (1/1) D:6             Orc (4/4) D:12
    Elf (0/3) Orc:3          Lair (8/8) D:10         Shoals (4/5) Lair:4
 Spider (3/5) Lair:3        Slime (0/6) Lair:6       Vaults (0/5) D:15
 Depths: D:16

Altars:
Fedhas
Kikubaaqudgha
Makhleb
Nemelex Xobeh
Okawaru
Xom
Zin
the Shining One
Beogh

Shops:
Orc:2 [   Orc:4 (%([   Shoals:1 (

Portals:
Hell: Lair:8

Annotations:
D:14 exclusion: Roxanne, Roxanne
D:16 Nessos
Lair:3 exclusion: 2 oklob plants
Shoals:4 Polyphemus
Spider:3 Mara


Innate Abilities, Weirdness & Mutations

You are resistant to damage.
You can recharge devices by infusing magical energy.
You resist negative energy.
You passively map the area around you.
You do not heal naturally.
You are partially covered in slimy green scales (AC +2).
You are agile. (Dex +2)
Your flesh is heat resistant.
You have a fast metabolism.
You can spit moderately strong poison.


Message History

The death yak is no longer petrified.
Polyphemus hits you!
* * * LOW HITPOINT WARNING * * *
Polyphemus hits you.
Your cacodemon gestures at the death yak.
The death yak resists with almost no effort.
The death yak closely misses your cacodemon.
Polyphemus hits you!
* * * LOW HITPOINT WARNING * * *
Polyphemus hits you but does no damage.
Your cacodemon barely misses the death yak.
Your cacodemon hits the death yak! The death yak gores your cacodemon!
Polyphemus hits you!
* * * LOW HITPOINT WARNING * * *
Polyphemus hits you!
* * * LOW HITPOINT WARNING * * *
Your cacodemon hits the death yak! Your cacodemon hits the death yak.
The death yak dies!
Makhleb accepts your collateral kill.
The plant is no longer petrified.
Polyphemus hits you. Polyphemus hits you!
You die...

≈≈≈≈≈≈≈≈≈≈≈≈≈≈≈≈≈ ≈≈ ≈ ≈≈
≈≈≈≈≈≈≈≈≈≈≈≈≈≈≈≈≈≈ ≈ ≈≈
≈≈≈≈≈≈≈≈≈≈≈≈≈≈≈≈≈≈≈ ≈ ≈ ≈
≈.≈≈≈Y≈≈≈≈≈≈≈≈≈≈≈≈≈≈≈≈
≈≈≈≈≈≈≈≈≈≈≈≈<≈≈≈≈≈≈≈≈ ≈ ≈
≈PP≈≈P≈≈≈≈≈≈.≈≈≈≈≈≈≈≈ ≈ ≈
≈≈≈P.≈2%≈..≈≈≈≈≈≈≈≈≈≈
≈P≈≈≈≈!%....≈≈≈≈≈≈≈≈≈ ≈≈
≈
≈≈P≈P≈≈≈.C@.≈≈≈PPP≈≈≈≈≈≈≈
≈ .P≈.≈≈##..≈P≈PP≈P≈≈≈
PP≈[ ,##.≈≈P≈≈P≈≈≈ ≈≈ , ,
≈ ≈≈≈ PPP≈≈PP≈≈≈≈ ≈ ≈ ≈
≈≈≈ .P≈≈≈≈≈≈≈≈ ≈≈ ≈≈≈≈
≈P.≈≈≈≈≈PPP≈≈ ≈ ≈
≈≈..PP≈≈≈≈≈≈ ≈ ≈≈ ≈
≈≈≈P≈P≈≈≈≈≈≈ ≈ ≈≈≈≈≈≈≈≈≈≈
≈


You could see Polyphemus, a catoblepas and a friendly cacodemon.

Vanquished Creatures
  2 illusory
  Maras (Spider:3)
  Arachne (Spider:2)
  A player illusion (Spider:3)
  A frost giant (IceCv)
  Gastronok (D:8)
  A cacodemon (Spider:3)
  A dire elephant (Lair:8)
  A merfolk javelineer (Shoals:1)
  2 merfolk impalers
  Harold (D:10)
  5 hydras
  3 orc high priests (Orc:4)
  20 death yaks
  4 centaur warriors
  A sun demon (Lair:8)
  Erolcha (D:8)
  3 sea snakes
  4 hill giants
  Pikel (D:4)
  17 harpies
  2 orc knights
  2 griffons
  6 wolf spiders
  An orc sorcerer (Orc:4)
  A wizard (Lair:8)
  A sphinx skeleton (D:11)
  2 sixfirhies
  A spiny worm (Spider:3)
  A red wasp (Spider:2)
  14 cyclopes
  8 black mambas
  2 octopodes
  3 elephants (Lair:6)
  A smoke demon (Lair:8)
  An item mimic (Lair:8)
  3 orange demons (Lair:8)
  Psyche (D:8)
  2 queen ants
  11 spiny frogs
  A demonic crawler (Spider:2)
  2 feature mimics (D:12)
  2 mermaids
  4 jumping spiders
  A hydra zombie (D:15)
  5 komodo dragons
  6 orb spiders
  3 fire drakes
  4 trolls
  2 iron devils (Orc:4)
  A red devil (Lair:8)
  8 polar bears (IceCv)
  5 snapping turtles
  5 slime creatures (D:14)
  A red wasp zombie (D:15)
  A spectral orc (D:14)
  A boulder beetle (Spider:2)
  2 basilisks (Lair:7)
  5 blink frogs (Lair:6)
  A wraith (D:11)
  2 grizzly bears
  2 wyverns
  6 sharks
  An ice dragon skeleton (D:14)
  9 hippogriffs
  A yak (shapeshifter) (D:14)
  62 yaks
  7 tarantellas
  A deep elf mage (D:15)
  A shadow (D:13)
  7 trapdoor spiders
  An elephant slug (Lair:8)
  11 ugly things
  17 merfolk
  Eustachio (D:4)
  12 redbacks
  A chaos spawn (Orc:4)
  A hungry ghost (D:8)
  2 deep elf fighters (D:12)
  A hill giant skeleton (D:14)
  24 wolves
  5 hell hounds
  37 soldier ants
  Edmund (D:4)
  A mottled dragon (D:11)
  2 manticores (Shoals:3)
  A necrophage (D:13)
  8 porcupines
  29 orc warriors
  11 ogres
  3 ice beasts
  A black bear (D:7)
  A boring beetle (Lair:5)
  A dwarf (shapeshifter) (D:15)
  A yellow wasp (D:12)
  A phantom (D:10)
  4 giant goldfish
  5 rotting devils
  4 sky beasts
  5 centaurs
  5 wargs
  9 crocodiles
  Duvessa (D:4)
  A yaktaur zombie (D:15)
  2 brain worms
  A big kobold (D:13)
  2 gnoll sergeants
  A cyclops zombie (D:15)
  5 giant slugs
  19 water moccasins
  5 agate snails
  10 giant frogs
  A yaktaur skeleton (D:15)
  A manticore skeleton (D:6)
  7 killer bees
  2 jellyfish (Spider:2)
  4 wights (D:12)
  2 hippogriff skeletons
  A troll skeleton (D:13)
  4 quasits
  Dowan (D:4)
  An electric eel (D:12)
  10 hounds
  10 goliath beetles
  19 spiders
  8 crimson imps
  2 big fish (Lair:3)
  2 jellies
  18 orc wizards
  Crazy Yiuf (D:2)
  37 orc priests
  A giant frog zombie (D:12)
  5 scorpions
  A giant frog skeleton (D:5)
  62 worker ants
  An orange rat (D:8)
  6 iguanas
  23 sheep
  A crocodile skeleton (D:7)
  An ogre skeleton (D:9)
  A hound skeleton (D:6)
  11 gnolls
  19 adders
  4 giant centipedes
  A shadow imp (D:4)
  43 green rats
  7 giant mites
  An inept feature mimic (D:8)
  7 worms
  2 adder skeletons
  5 grey rats
  2 giant eyeballs
  4 oozes
  172 orcs
  22 bats
  A bat skeleton (D:4)
  9 giant cockroaches
  19 goblins
  16 hobgoblins
  10 quokkas
  A ball python (D:7)
  8 giant geckos
  8 giant newts
  16 jackals
  26 kobolds
  An orc skeleton (D:5)
  A quokka zombie (D:5)
  23 rats
  A rat skeleton (D:4)
  A ballistomycete (D:12)
  2 butterflies
  7 fungi
  3 plants
1232 creatures vanquished.

Vanquished Creatures (collateral kills)
  2 illusory
  Maras (Spider:3)
  A player illusion (Spider:3)
  A tengu reaver (D:15)
  Azrael (D:15)
  The ghost of lorenz the Basher, a powerful TrWr of Kikubaaqudgha (D:12)
  Josephine (D:14)
  A death yak (Shoals:4)
  5 orc high priests (Orc:4)
  A centaur warrior (D:12)
  Nergalle (D:14)
  An unseen horror (D:14)
  A harpy (Shoals:3)
  An orc knight (D:12)
  An ice statue (IceCv)
  2 hill giants
  A wolf spider (Spider:3)
  3 oklob plants (Shoals:3)
  3 cyclopes
  An orb spider (Spider:3)
  2 trolls (D:12)
  A demonic crawler (Spider:3)
  A blue devil (Orc:4)
  A hydra zombie (D:14)
  2 polar bears (IceCv)
  3 slime creatures (D:12)
  A shadow (D:14)
  A steam dragon (D:11)
  8 ugly things
  2 merfolk (Shoals:3)
  A wyvern (D:12)
  4 yaks (IceCv)
  A hippogriff (Shoals:3)
  2 hill giant skeletons (D:14)
  A deep elf fighter (D:12)
  3 fire elementals (D:15)
  2 manticores (Shoals:3)
  6 wolves (IceCv)
  7 orc warriors
  A phantom (D:12)
  A giant frog (D:11)
  A cyclops zombie (D:14)
  A boulder beetle zombie (D:12)
  A yak zombie (D:12)
  A goliath beetle (D:14)
  A crimson imp (D:13)
  11 orc priests
  A hound (D:12)
  A scorpion (D:11)
  3 orc wizards (Orc:4)
  A spectral orc (D:14)
  An ufetubus (Orc:4)
  12 orcs
  A ballistomycete (D:12)
  A plant (Shoals:4)
117 creatures vanquished.

Vanquished Creatures (others)
  2 Executioners (Spider:3)
  A cacodemon (D:12)
  2 green deaths
  3 blizzard demons
  8 polar bears (IceCv)
  4 yaks (IceCv)
  A killer bee zombie (D:12)
  A bat (D:4)
  A giant cockroach (D:4)
  2 giant spores
  A rat (D:4)
  A fungus (Lair:5)
  3 plants
30 creatures vanquished.

Grand Total: 1379 creatures vanquished

Notes
Turn   | Place    | Note
--------------------------------------------------------------
     0 | D:1      | Mitsuki, the Deep Dwarf Fighter, began the quest for the Orb.
     0 | D:1      | Reached XP level 1. HP: 20/20 MP: 1/1
    97 | D:1      | Reached XP level 2. HP: 25/27 MP: 2/2
  1047 | D:2      | Reached XP level 3. HP: 24/34 MP: 3/3
  1511 | D:2      | Noticed Crazy Yiuf
  1522 | D:2      | Killed Crazy Yiuf
  1522 | D:2      | Reached skill level 4 in Shields
  1581 | D:2      | Reached XP level 4. HP: 42/42 MP: 4/4
  1941 | D:3      | Reached XP level 5. HP: 46/49 MP: 5/5
  2034 | D:3      | Found a shimmering altar of Xom.
  2263 | D:3      | Paralysed by a potion of paralysis for 4 turns
  2355 | D:4      | Noticed Duvessa
  2356 | D:4      | Noticed Dowan
  2361 | D:4      | Killed Duvessa
  2361 | D:4      | Reached skill level 5 in Armour
  2361 | D:4      | Reached XP level 6. HP: 56/56 MP: 6/6
  2366 | D:4      | Killed Dowan
  2366 | D:4      | Reached skill level 5 in Shields
  2426 | D:4      | Noticed a slave
  2427 | D:4      | Noticed Pikel
  2428 | D:4      | Noticed a slave
  2428 | D:4      | Noticed a slave
  2430 | D:4      | Noticed a slave
  2451 | D:4      | Killed Pikel
  2451 | D:4      | Reached skill level 5 in Axes
  2451 | D:4      | Reached skill level 6 in Shields
  2451 | D:4      | Reached XP level 7. HP: 30/64 MP: 7/7
  2511 | D:4      | Noticed an ogre
  2531 | D:4      | Killed an ogre
  2592 | D:4      | Noticed Eustachio
  2616 | D:4      | Killed Eustachio
  2616 | D:4      | Reached XP level 8. HP: 47/72 MP: 8/8
  2833 | D:4      | Noticed Edmund
  2866 | D:4      | Killed Edmund
  3993 | D:5      | Entered Level 5 of the Dungeon
  4148 | D:5      | Reached skill level 7 in Shields
  4833 | D:6      | HP: 3/73 [orc warrior/orcish flail (9)]
  4845 | D:6      | Reached skill level 8 in Shields
  4862 | D:6      | Gained mutation: You passively map the area around you. [level up]
  4862 | D:6      | Reached XP level 9. HP: 38/79 MP: 8/8
  5280 | D:6      | Found a staircase to the Ecumenical Temple.
  5288 | Temple   | Entered the Ecumenical Temple
  5297 | Temple   | Became a worshipper of Makhleb the Destroyer
  5717 | D:6      | Reached skill level 5 in Fighting
  5854 | D:7      | Acquired Makhleb's first power
  5860 | D:7      | Reached skill level 9 in Shields
  6224 | D:7      | Found a glowing golden altar of the Shining One.
  6526 | D:8      | Noticed Gastronok
  6562 | D:8      | Killed Gastronok
  6562 | D:8      | Reached skill level 10 in Shields
  6562 | D:8      | Reached XP level 10. HP: 28/91 MP: 7/7
  6622 | D:8      | Noticed Erolcha
  6664 | D:8      | Killed Erolcha
  6698 | D:8      | Acquired Makhleb's second power
  6855 | D:8      | Noticed Psyche
  6872 | D:8      | Paralysed by Psyche for 6 turns
  6886 | D:8      | Killed Psyche
  7221 | D:8      | Acquired Makhleb's third power
  7423 | D:9      | Reached skill level 1 in Invocations
  7577 | D:9      | Acquired Makhleb's fourth power
  7616 | D:9      | Paralysed by a giant eyeball for 4 turns
  7657 | D:9      | Found a sparkling altar of Nemelex Xobeh.
  8204 | D:9      | Noticed a hill giant
  8231 | D:9      | Killed a hill giant
  8333 | D:10     | Entered Level 10 of the Dungeon
  8466 | D:10     | Acquired Makhleb's fifth power
  8498 | D:10     | Noticed a cyclops
  8518 | D:10     | Killed a cyclops
  8518 | D:10     | Reached XP level 11. HP: 84/97 MP: 17/19
  8607 | D:10     | Noticed Harold
  8663 | D:10     | Killed Harold
  8696 | D:10     | Reached skill level 10 in Invocations
  8814 | D:10     | Paralysed by a giant eyeball for 2 turns
  8817 | D:10     | Paralysed by a giant eyeball for 3 turns
  8829 | D:10     | Found a staircase to the Lair.
  9255 | D:11     | Reached skill level 11 in Shields
  9639 | D:11     | Gained mutation: You are agile. (Dex +2) [potion of mutation]
  9639 | D:11     | Gained mutation: You can spit poison. [potion of mutation]
  9639 | D:11     | Gained mutation: You have a fast metabolism. [potion of mutation]
  9813 | D:12     | Noticed lorenz's ghost (powerful TrWr)
  9834 | D:12     | Killed lorenz's ghost
 10057 | D:12     | Reached skill level 10 in Axes
 10147 | D:12     | Noticed a centaur warrior
 10147 | D:12     | Noticed a centaur warrior
 10150 | D:12     | Noticed a centaur warrior
 10158 | D:12     | Killed a centaur warrior
 10159 | D:12     | Killed a centaur warrior
 10195 | D:12     | Killed a centaur warrior
 10363 | D:12     | Found an iron altar of Okawaru.
 10384 | D:12     | Reached skill level 12 in Shields
 10398 | D:12     | Got a crystal executioner's axe
 10411 | D:12     | Reached XP level 12. HP: 44/109 MP: 20/20
 10583 | D:12     | Identified the +8,+6 executioner's axe "Hesuprar" {drain, rElec SInv} (You found it on level 12 of the Dungeon)
 10747 | D:12     | Found a roughly hewn altar of Beogh.
 10860 | D:12     | Found a staircase to the Orcish Mines.
 10922 | D:12     | Noticed a hill giant
 10930 | D:12     | Killed a hill giant
 11665 | D:13     | Reached skill level 10 in Armour
 12106 | D:14     | Noticed Nergalle
 12127 | D:14     | Killed Nergalle
 12244 | D:14     | Noticed Roxanne
 12393 | D:14     | Gained mutation: You are partially covered in slimy green scales (AC +2). [mutagenic meat]
 12394 | D:14     | Gained mutation: Your body is slowly deteriorating. [mutagenic meat]
 12395 | D:14     | Gained mutation: You can spit moderately strong poison. [mutagenic meat]
 12396 | D:14     | Lost mutation: Your body is slowly deteriorating. [mutagenic meat]
 12470 | D:14     | Noticed Josephine
 12478 | D:14     | Killed Josephine
 12478 | D:14     | Reached skill level 13 in Shields
 12749 | D:14     | Reached XP level 13. HP: 86/120 MP: 19/19
 13133 | D:15     | Entered Level 15 of the Dungeon
 13556 | D:15     | Noticed Azrael
 13603 | D:15     | Killed Azrael
 14144 | D:15     | Found a gate to the Vaults.
 14270 | D:15     | Noticed a tengu reaver
 14277 | D:15     | Killed a tengu reaver
 14319 | D:16     | Entered Level 16 of the Dungeon
 14337 | D:16     | Noticed Nessos
 14597 | Lair:1   | Entered Level 1 of the Lair of Beasts
 15479 | Lair:2   | Reached skill level 14 in Shields
 15779 | Lair:2   | Got a faintly glowing battleaxe
 15788 | Lair:2   | Identified the +1,+6 battleaxe "Fuishic" {freeze, Stlth++} (You found it on level 2 of the Lair of Beasts)
 16361 | Lair:3   | Found a hole to the Spider Nest.
 16384 | Lair:3   | Found a frozen archway.
 16388 | IceCv    | Entered an ice cave
 16670 | IceCv    | Gained mutation: You resist negative energy. [level up]
 16670 | IceCv    | Reached XP level 14. HP: 130/130 MP: 19/19
 16908 | IceCv    | Noticed a frost giant
 16959 | IceCv    | Reached skill level 10 in Fighting
 16963 | IceCv    | Killed a frost giant
 17037 | IceCv    | Got a crystal blowgun
 17234 | Lair:3   | Identified the +4 blowgun "Nueklyer" {evade, rC++ MR+} (You found it in an ice cave)
 17817 | Lair:3   | Found a blossoming altar of Fedhas.
 18676 | Lair:4   | Found a staircase to the Shoals.
 19602 | Lair:5   | Reached skill level 15 in Axes
 19715 | Lair:5   | Reached skill level 15 in Shields
 20810 | Lair:6   | Found a staircase to the Slime Pits.
 21105 | Lair:6   | Got an encrusted ring mail
 22318 | Lair:7   | Reached skill level 16 in Axes
 22631 | Lair:8   | Entered Level 8 of the Lair of Beasts
 22783 | Lair:8   | Reached XP level 15. HP: 140/140 MP: 20/20
 23242 | Lair:8   | Found a burning altar of Makhleb.
 23380 | Lair:8   | Found a gateway to Hell.
 24301 | Lair:1   | Identified the cursed -4 ring mail of Sif Muna's Envy {rF+} (You found it on level 6 of the Lair of Beasts)
 24375 | Lair:1   | Learned a level 1 spell: Confusing Touch
 24551 | Orc:1    | Entered Level 1 of the Orcish Mines
 25192 | Orc:3    | Found a roughly hewn altar of Beogh.
 25281 | Orc:3    | Found a staircase to the Elven Halls.
 25558 | Orc:4    | Entered Level 4 of the Orcish Mines
 25956 | Orc:4    | Found Xicaun's Weapon Shop.
 25989 | Orc:4    | Found Cheasmoga's Armour Shoppe.
 26117 | Orc:4    | Found a roughly hewn altar of Beogh.
 26191 | Orc:4    | Reached skill level 17 in Axes
 26192 | Orc:4    | Found Blaameng's Weapon Shop.
 26199 | Orc:4    | Found Ysitap's Food Shoppe.
 26934 | Orc:2    | Found Kinomun's Antique Armour Shop.
 26948 | Orc:2    | Bought a runed plate armour for 713 gold pieces
 26970 | Orc:2    | Bought a glowing plate armour for 713 gold pieces
 27561 | Spider:1 | Entered Level 1 of the Spider Nest
 27965 | Spider:1 | Reached skill level 1 in Hexes
 28537 | Spider:2 | Noticed Arachne
 28561 | Spider:2 | Killed Arachne
 28949 | Spider:2 | Paralysed by a red wasp for 3 turns
 29199 | Spider:2 | Reached skill level 5 in Hexes
 29349 | Spider:3 | Noticed Mara
 29350 | Spider:3 | Noticed Mara
 29350 | Spider:3 | Noticed Mara
 29525 | Spider:3 | Reached XP level 16. HP: 129/151 MP: 20/20
 29545 | Spider:3 | Noticed Mara
 29545 | Spider:3 | Noticed Mara
 29553 | Spider:3 | Noticed Mitsuki's illusion
 29561 | Spider:3 | HP: 7/151 [Mara/bolt of fire (37)]
 29569 | Spider:3 | Noticed Mara
 29573 | Spider:3 | Noticed Mara
 29574 | Spider:3 | HP: 3/151 [Mara/bolt of fire (48)]
 29576 | Spider:3 | Killed Mara
 29584 | Spider:3 | Noticed Mara
 29632 | Spider:3 | Killed Mitsuki's illusion
 29635 | Spider:3 | Noticed Mara
 29635 | Spider:3 | Noticed Mara
 29648 | Spider:3 | Noticed Mitsuki's illusion
 29648 | Spider:3 | Killed Mara
 29670 | Spider:3 | Noticed Mara
 29670 | Spider:3 | Noticed Mara
 29683 | Spider:3 | Killed Mara
 29686 | Spider:3 | Killed Mitsuki's illusion
 29688 | Spider:3 | Killed Mara
 29693 | Spider:3 | Noticed Mara
 29695 | Spider:3 | Noticed Mara
 29695 | Spider:3 | Noticed Mitsuki's illusion
 29860 | Shoals:1 | Entered Level 1 of the Shoals
 30093 | Shoals:1 | Found Veulehod's Antique Weapon Emporium.
 30200 | Shoals:1 | Got a sapphire-encrusted scale mail
 32050 | Shoals:3 | Gained mutation: Your flesh is heat resistant. [potion of beneficial mutation]
 32466 | Shoals:3 | Identified the +0 scale mail "Fahubac" {Dex+3 Int+4 Curse} (You found it on level 1 of the Shoals)
 32613 | Shoals:4 | Noticed Polyphemus
 32634 | Shoals:4 | HP: 6/151 [Polyphemus (11)]
 32635 | Shoals:4 | Slain by Polyphemus

Action                   |  1- 3 |  4- 6 |  7- 9 | 10-12 | 13-15 | 16-18 || total
-------------------------+-------+-------+-------+-------+-------+-------++-------
Melee: Hand axe          |   118 |   110 |   525 |   306 |       |       ||  1059
       War axe           |       |       |       |   559 |       |       ||   559
       Broad axe         |       |       |       |   401 |  2481 |   502 ||  3384
       Battleaxe         |       |       |       |       |    18 |       ||    18
       Scimitar          |       |       |       |       |    56 |       ||    56
       Unarmed           |       |       |       |       |     2 |       ||     2
       Executioner's axe |       |       |       |       |     3 |       ||     3
Invok: Minor Destruction |       |       |       |     4 |       |       ||     4
       Greater Servant o |       |       |       |     9 |    11 |     8 ||    28
       Major Destruction |       |       |       |       |       |     1 ||     1
 Abil: Device Recharging |       |       |     3 |     5 |     1 |     4 ||    13
       Spit Poison       |       |       |       |     1 |     1 |       ||     2
Evoke: Wand              |     1 |    19 |    58 |    56 |    34 |    21 ||   189
  Use: Potion            |       |     7 |     2 |    10 |     4 |    11 ||    34
       Scroll            |       |     4 |     3 |    25 |    13 |     2 ||    47
 Stab: Confused          |       |       |     1 |     6 |       |       ||     7
       Invisible         |       |       |     1 |       |       |       ||     1
       Paralysed         |       |       |       |     8 |       |       ||     8
       Distracted        |       |       |       |     7 |     6 |     4 ||    17
